cohdb
Replays
Latest Replays
All Replays
Popular Replays
Top Player Replays
Match Explorer
How It Works
Community
CoH3 Stats
Reddit
Sign in to upload your games and track your stats! →
Sign in with Steam
Match 41790749
Unlisted
Match 41790749
Overview
Messages
Build Orders
End
Kradschützen Motorcycle Team
Panzerpioneer Squad
Panzergrenadier Squad
250 Light Carrier
Panzergrenadier Squad
Construct Light Support Kompanie
Assault Mechanized Group
Fire Support Elements
Panzerjäger Squad
Flakvierling Half-track
Panzerpioneer Squad
2.5-tonne Medical Truck
Vehicle Survival Package
Selects Armored Support Battlegroup
Selects Veteran Gunners
Selects Salvage Kits
Combat Half-tracks
Tungsten Core Ammunition
MG34 Team
Selects Flammpanzer III Medium Tank
Selects Command Panzer IV F Medium Tank
Command Panzer IV F Medium Tank
Flammpanzer III Medium Tank
(502) Bad Gateway
[PD] reloadKing
0
0
Comments
sign in to comment!
No comments posted yet!